 Dungeon Crawl Stone Soup version 0.17-a0-1923-gc35365e (webtiles) character file.

2832 Lysie the Cleaver (level 9, -3/70 HPs)
             Began as a Minotaur Fighter on Sept 28, 2015.
             Slain by an ogre
             ... wielding a +0 giant club
              (13 damage)
             ... on level 7 of the Dungeon.
             The game lasted 00:13:14 (6611 turns).

Lysie the Cleaver (Minotaur Fighter)                Turns: 6611, Time: 00:13:14

Health: -3/70      AC:  8    Str: 24      XL:     9   Next: 45%
Magic:  8/8        EV:  8    Int:  5      God:
Gold:   389        SH: 12    Dex:  9 (10) Spells: 0 memorised, 8 levels left

rFire  . . .     SeeInvis .     a - +1 war axe
rCold  + . .     Clarity  .     b - +0 scale mail
rNeg   + . .     SustAt   .     c - +1 shield
rPois  .         Gourm    .     (helmet restricted)
rElec  .         Spirit   .     (no cloak)
rCorr  .         Warding  +     (no gloves)
rMut   .         Stasis   .     (no boots)
MR     .....                    F - amulet of warding
Stlth  ..........               (no ring)
                                d - ring of protection from cold

@: hasted, drained, very quick, not resistant to hostile enchantments, extremely
unstealthy
A: retaliatory headbutt, horns 2
a: no special abilities


You were on level 7 of the Dungeon.
You were not hungry.

You visited 2 branches of the dungeon, and saw 8 of its levels.

You collected 389 gold pieces.

Inventory:

Hand weapons
 a - a +1 war axe (weapon)
Missiles
 h - 3 javelins (quivered)
 s - 27 poisoned needles
Armour
 b - a +0 scale mail (worn)
 c - a +1 shield (worn)
Jewellery
 d - a ring of protection from cold (left hand)
 e - an uncursed amulet of regeneration {unknown}
 F - an amulet of warding (around neck)
Magical devices
 E - a wand of paralysis (20)
Scrolls
 f - a scroll of enchant armour
 j - 2 scrolls of random uselessness
 l - a scroll of teleportation
 w - a scroll of fog {unknown}
 y - a scroll of amnesia
 C - a scroll of noise
 D - a scroll of magic mapping
Potions
 n - a potion of brilliance
 o - a potion of degeneration {unknown}
 q - 2 potions of ambrosia
 v - 3 potions of lignification
 x - a potion of flight {unknown}
 z - 2 potions of curing {unknown}
 A - 2 potions of poison {unknown}
Comestibles
 g - a beef jerky


   Skills:
 - Level 3.6(3.5) Fighting
 * Level 11.3(11.2) Axes
 + Level 8.1(8.0) Armour
 + Level 9.0(8.8) Shields


You had 8 spell levels left.
You didn't know any spells.

Dungeon Overview and Level Annotations

Branches:
Dungeon (7/15)             Temple (1/1) D:6

Altars:
Ashenzari
Cheibriados
Dithmenos
Elyvilon
Fedhas
Kikubaaqudgha
Makhleb
Nemelex Xobeh
Qazlal
Ru
Sif Muna
Vehumet
Xom
Yredelemnul
Zin
The Shining One

Annotations:
D:7 Banto's ghost, experienced OgHu


Innate Abilities, Weirdness & Mutations

You reflexively headbutt those who attack you in melee.
You have a pair of horns on your head.


Message History

You hit the wight.
The wight is lightly damaged.
You block the wight's attack. The wight hits you with a trident.
You slash the wight!
You destroy the wight!
Your base Shields skill increases to level 9!
You feel your dexterity returning. You block the wight's attack.
The ogre hits you with a giant club!!
There is an open door, spattered with blood here.
Items here: )))) [[[[ You block the wight's attack.
You slash the ogre! You headbutt the ogre.
The ogre is severely wounded.
The ogre hits you with a giant club!
* * * LOW HITPOINT WARNING * * *
You block the wight's attack.
Drink which item? (? for menu, Esc to quit)
You feel yourself speed up. The ogre hits you with a giant club!
You die...

....##....... ... #..
............ ..(##.. #..........
...... #.......... .(...
#.......... #... #.......... #..#
.#####... #+# ###........
#..#..#.......##.#######.........
#..#..#.......zO@..........######
#..#..#.......##.#######...#
#..#..#....... #+# #.....#...#
#.........$... #.....#...#
#............. #.....#.....
#............. #.....#......
#.........##.# #.....#.......
..........##. .........####+#
..........# ...........


You could see an ogre and a wight.

Vanquished Creatures
  Pikel (D:5)
  A hungry ghost (D:7)
  Menkaure (D:7)
  A sky beast (D:6)
  2 ice beasts (D:6)
  An ogre (D:4)
  2 phantoms
  The ghost of Shredu92 the Ruffian, an average VSMo of Ru (D:3)
  Blork the orc (D:6)
  3 giant frogs
  A scorpion (D:5)
  A water moccasin skeleton (D:6)
  4 wights (D:7)
  A quasit (D:7)
  2 centaur zombies
  A hound (D:5)
  2 crimson imps (D:5)
  2 giant frog zombies
  A jelly (D:6)
  A giant frog skeleton (D:7)
  9 orc wizards
  5 worker ants
  3 orc priests
  7 gnolls
  3 adders (D:2)
  An ooze (D:1)
  4 worms
  2 giant geckos
  26 orcs
  3 ball pythons
  7 giant cockroaches
  10 goblins
  7 hobgoblins
  6 jackals
  4 quokkas
  14 bats
  6 giant newts
  8 kobolds
  2 quokka skeletons
  7 rats
164 creatures vanquished.

Vanquished Creatures (others)
  A goblin (D:1)
1 creature vanquished.

Grand Total: 165 creatures vanquished

Notes
Turn   | Place    | Note
--------------------------------------------------------------
     0 | D:1      | Lysie the Minotaur Fighter began the quest for the Orb.
     0 | D:1      | Reached XP level 1. HP: 19/19 MP: 0/0
   101 | D:1      | Reached XP level 2. HP: 26/26 MP: 1/1
   146 | D:1      | Reached skill level 4 in Shields
   493 | D:1      | Reached XP level 3. HP: 31/31 MP: 2/2
  1107 | D:2      | Reached XP level 4. HP: 32/39 MP: 3/3
  1365 | D:2      | Found a stormy altar of Qazlal.
  1652 | D:2      | Found a glowing golden altar of the Shining One.
  1899 | D:2      | Found a basalt altar of Yredelemnul.
  1970 | D:3      | Noticed Shredu92's ghost (average VSMo)
  1978 | D:3      | Killed Shredu92's ghost
  1978 | D:3      | Reached skill level 5 in Armour
  1978 | D:3      | Reached skill level 5 in Shields
  1978 | D:3      | Reached XP level 5. HP: 40/45 MP: 4/4
  2361 | D:3      | Reached skill level 5 in Axes
  2749 | D:4      | Reached XP level 6. HP: 37/51 MP: 5/5
  2791 | D:4      | Noticed an ogre
  2799 | D:4      | Killed an ogre
  3161 | D:4      | Found a blossoming altar of Fedhas.
  3254 | D:4      | Reached skill level 6 in Axes
  3562 | D:5      | Entered Level 5 of the Dungeon
  3587 | D:5      | Reached XP level 7. HP: 54/57 MP: 6/6
  3797 | D:5      | Noticed Pikel
  3841 | D:5      | Killed Pikel
  3841 | D:5      | Reached skill level 8 in Axes
  3841 | D:5      | Reached XP level 8. HP: 28/64 MP: 7/7
  4543 | D:6      | Reached skill level 9 in Axes
  4580 | D:6      | Found a staircase to the Ecumenical Temple.
  4602 | Temple   | Entered the Ecumenical Temple
  4790 | D:6      | Found a white marble altar of Elyvilon.
  4873 | D:6      | Found a snail-covered altar of Cheibriados.
  5055 | D:6      | Found a burning altar of Makhleb.
  5070 | D:6      | Reached skill level 10 in Axes
  5083 | D:6      | Found a radiant altar of Vehumet.
  5132 | D:6      | Noticed Blork the orc
  5141 | D:6      | Killed Blork the orc
  5341 | D:6      | Reached XP level 9. HP: 61/70 MP: 8/8
  5911 | D:7      | Found a shattered altar of Ashenzari.
  6002 | D:7      | Noticed Menkaure
  6008 | D:7      | Killed Menkaure
  6008 | D:7      | Reached skill level 11 in Axes
  6084 | D:7      | Noticed Banto's ghost (experienced OgHu)
  6611 | D:7      | Slain by an ogre

Vault maps used:
D:1:      shiori_arrival_oz
D:2:      lemuel_coloured_pillars_altar, grunt_qazlal_sundering,
          nicolae_overflow_hidden_temple, minmay_distorted
D:3:      first_bread
D:4:      lemuel_crystal_altar
D:5:      serial_bayou_pond_c, uniq_pikel
D:6:      lemuel_doored_altar, cheibrodos_worm_habitat, kennysheep_mini_moat,
          minmay_temple_entry_mist, grunt_ministairs_7, elyvilon_altar_3,
          uniq_blork_the_orc
D:7:      minmay_misc_feat_five, cheibrodos_ashenzari_chains, uniq_menkaure
Temple:   nicolae_temple_figure_zero

Action                   |  1- 3 |  4- 6 |  7- 9 || total
-------------------------+-------+-------+-------++-------
Melee: War axe           |    69 |   153 |   282 ||   504
Throw: Javelin           |       |       |     1 ||     1
  Use: Potion            |       |     1 |     4 ||     5
       Scroll            |       |     5 |    12 ||    17
  Eat: Bread ration      |     1 |     1 |     3 ||     5
       Beef jerky        |       |     1 |       ||     1
       Fruit             |       |       |     2 ||     2
       Royal jelly       |       |       |     1 ||     1
       Pizza             |       |       |     1 ||     1
